 Dungeon Crawl Stone Soup version 0.29.0-4-gdea44cf6ec (webtiles) character file.

Game seed: 7384377444404030963

30 tizbic2 the Cudgeller (level 3, -7/19 HPs)
             Began as a Vine Stalker Monk on Aug 27, 2022.
             Mangled by Crazy Yiuf
             ... wielding a +2 quarterstaff of chaos
              (14 damage)
             ... on level 2 of the Dungeon.
             The game lasted 00:04:27 (1172 turns).

tizbic2 the Cudgeller (Vine Stalker Monk)           Turns: 1172, Time: 00:04:27

Health: -7/19      AC:  4    Str: 15    XL:     3   Next: 20%
Magic:  0/5        EV: 12    Int: 10    God:
Gold:   73         SH:  0    Dex: 16    Spells: 4/4 levels left

rFire   . . .      SeeInvis .   b - +2 hammer (vorpal)
rCold   . . .      Faith    .   (no shield)
rNeg    . . .      Spirit   +   j - +0 leather armour
rPois   .          Reflect  .   (no helmet)
rElec   .          Harm     .   (no cloak)
rCorr   .          Rampage  .   (no gloves)
Will    .....                   a - +0 pair of boots
Stlth   ++........              (no amulet)
HPRegen 0.06/turn               (no ring)
MPRegen 0.09/turn               (no ring)

@: no status effects
A: fangs 2, magic shield, antimagic bite, no potion heal 2
a: no special abilities


You were on level 2 of the Dungeon.
You visited 1 branch of the dungeon, and saw 2 of its levels.

You collected 73 gold pieces.

Inventory:

Hand Weapons
 b - a +2 vorpal hammer (weapon)
Missiles
 e - 7 stones (quivered)
Armour
 a - a +0 pair of boots (worn)
 j - a +0 leather armour (worn)
Magical Staves
 i - a staff of poison
Scrolls
 d - a scroll of teleportation {unknown}
Potions
 c - a potion of ambrosia
 f - a potion of resistance {unknown}
 h - a potion of flight {unknown}


   Skills:
 + Level 2.9 Fighting
 - Level 0.4(1.9) Axes
 * Level 3.0 Maces & Flails
 - Level 0.1(1.7) Staves
 - Level 2.4 Dodging
 - Level 2.4 Stealth
 + Level 1.3 Unarmed Combat
 + Level 1.0 Spellcasting
 + Level 0.0 Poison Magic
 * Level 0.0 Evocations


You had 4 spell levels left.
You didn't know any spells.
Your spell library was empty.

Dungeon Overview and Level Annotations

Branches:
Dungeon (2/15)

Altars:
Nemelex Xobeh

Annotations:
D:2 Crazy Yiuf


Innate Abilities, Weirdness & Mutations

You have extremely sharp teeth.
When hurt, damage is shared between your health and your magic reserves.
Your bite disrupts and absorbs the magic of your enemies.
Potions cannot restore your health.


Message History

You see here a +0 leather armour.
There are no items here.
You see here a +0 leather armour.
j - a +0 leather armour You start removing your armour.
You continue taking off your +0 robe. x4
You finish taking off your +0 robe.
You start putting on your armour.
You continue putting on your +0 leather armour. x5
You finish putting on your +0 leather armour.
You drop a +0 robe.
Found a stone staircase leading down.
There is a stone staircase leading down here.
Found a hammer.
Found a hammer.
You see here a +0 hammer.
Found a runed hammer and two hammers.
Found a runed translucent door.
You see here a +0 hammer.
You see here a +2 vorpal hammer.
b - a +2 vorpal hammer Crazy Yiuf shouts!
b - a +2 vorpal hammer (weapon)
You drop a +2 hand axe of venom.
You open the door.
Crazy Yiuf grits, "You!
Prologue forty-two infinity."
You hit Crazy Yiuf but do no damage.
Crazy Yiuf hits you with a +2 quarterstaff of chaos.
You are confused.
You miss Crazy Yiuf. Your bite misses Crazy Yiuf.
You feel less confused.
Crazy Yiuf hits you with a +2 quarterstaff of chaos!
You feel your power leaking away. Crazy Yiuf closely misses you.
You hit Crazy Yiuf.
Crazy Yiuf is lightly wounded.
Crazy Yiuf barely misses you.
You hit Crazy Yiuf.
Crazy Yiuf is moderately wounded.
Crazy Yiuf hits you with a +2 quarterstaff of chaos!
Ouch! That really hurt!
You die...

###.####....#
#.. #.# #....#
#.. #.# ♣....♣
## #.. #.##
♣.P.♣♣ #.##
##.# #..# ♣♣)♣♣
#..## ##..#
##..# ♣)♣♣
#...####...#
#...# ♣♣.♣
#...'.......
##..# ♣)♣♣
#...####...#
#..# ♣♣@♣ #..##
##..# #.## #g#
#.## #.... #.#
.). ## #.#.#
#.# #...#
##.#.# #.#
#..)# #....#
#.# #####
#.#..# #.#
#...## #.#
############.##
#.# #...[....#
#.###


You could see Crazy Yiuf.

Vanquished Creatures
  3 endoplasms (D:1)
  2 giant cockroaches (D:1)
  3 hobgoblins (D:1)
  3 jackals (D:1)
  A quokka (D:1)
  3 ball pythons (D:1)
  4 frilled lizards (D:1)
  2 goblins (D:1)
  3 kobolds (D:1)
  5 rats (D:1)
29 creatures vanquished.

Notes
Turn   | Place    | Note
-------+----------+-------------------------------------------
     0 | D:1      | tizbic2 the Vine Stalker Monk began the quest for the Orb.
     0 | D:1      | Reached XP level 1. HP: 11/11 MP: 2/2
   367 | D:1      | Reached XP level 2. HP: 13/16 MP: 3/3
   471 | D:1      | Reached skill level 1 in Unarmed Combat
   473 | D:1      | Reached skill level 3 in Maces & Flails
   850 | D:1      | Reached XP level 3. HP: 19/19 MP: 5/5
   866 | D:1      | Reached skill level 1 in Spellcasting
  1029 | D:2      | Found a sparkling altar of Nemelex Xobeh.
  1161 | D:2      | Found a runed translucent door.
  1162 | D:2      | Noticed Crazy Yiuf
  1172 | D:2      | Mangled by Crazy Yiuf

Illustrated notes

Levels and vault maps discovered:
D:1:      dpeg_arrival_simpleton_c, layout_loops_ring
D:2:      layout_loops_corners, basic_altar, minmay_fractal_squares_5,
          uniq_crazy_yiuf_cottage

Skill      XL: |  1  2  3 |
---------------+----------+-----
Unarmed Combat | 1 |  1.3
Maces & Flails | 3 |  3.0
Spellcasting   | 1 |  1.0
Fighting       | |  2.9
Axes           | |  0.4
Staves         | |  0.1
Dodging        | |  2.4
Stealth        | |  2.4

Action                   || total
-------------------------++-------
Melee: Mace              ||    39
       Bite              ||     9
       Hand axe          ||    18
       Staff             ||     5
Throw: Stone             ||     1
 Stab: Sleeping          ||     3
Armor: Robe              ||     6
Dodge: Dodged            ||    31
